AoeStats
← EMPEROR98265292

Black Forest

510080755Analyzed
4v4 RM · 3d ago on Sep 29, 2026· 63m 27s· 8 players
Game mode
Random Map
Map size
Large (8 player)
Population
200
Speed
Normal
Resources
Standard
Victory
Conquest
Starting age
Dark Age
Ending age
Imperial Age
RankedLock teamsTeams togetherTeam positionsShared explorationLock speedFull tech treeHidden civsTurbo modeCheats
Victory
Defeat
🇳🇱 Mongols · Netherlands
1466
+16
🇨🇳 Bohemians · China
1456
+16
🇦🇷 Britons · Argentina
1431
+17
🇪🇸 Dravidians · Spain
1401
+19
🇮🇳 Danes · India
1608
-23
🇮🇳 Khitans · India
1541
-20
🇨🇳 Saracens · China
1365
-13
🇮🇳 Japanese · India
1330
-12
VaultBoy
0:37 Loom
10:34 Feudal Age
13:42 Double-Bit Axe
16:03 Castle Age
14:16 Horse Collar
17:13 Bow Saw
22:16 Heavy Plow
26:20 Forging
26:17 Scale Barding Armor
27:47 Iron Casting
27:14 Husbandry
27:22 Light Cavalry
31:44 Fortified Wall
33:13 Wheelbarrow
33:58 Town Watch
37:28 Imperial Age
35:43 Ballistics
35:19 Fletching
35:57 Bodkin Arrow
37:04 Padded Archer Armor
37:56 Thumb Ring
38:33 Bracer
40:03 Chemistry
40:39 Leather Archer Armor
41:13 Elite Elephant Archer
43:22 Ring Archer Armor
43:33 Medical Corps
47:41 Blast Furnace
Dani_AOE2
7:28 Loom
11:00 Feudal Age
12:09 Double-Bit Axe
12:05 Horse Collar
14:45 Castle Age
14:00 Gold Mining
17:11 Bow Saw
17:28 Heavy Plow
23:17 Wheelbarrow
23:20 Fletching
23:46 Stone Mining
25:52 Gold Shaft Mining
25:13 Bodkin Arrow
25:18 Padded Archer Armor
26:38 Ballistics
29:56 Imperial Age
28:14 Leather Archer Armor
29:13 Bloodlines
29:03 Husbandry
28:59 Light Cavalry
29:47 Scale Barding Armor
29:52 Forging
30:39 Bracer
30:51 Forging
30:46 Elite Mangudai
33:23 Hand Cart
32:43 Capped Ram
33:59 Chain Barding Armor
34:14 Iron Casting
34:11 Drill
33:36 Hussar
35:33 Thumb Ring
36:31 Chemistry
40:08 Blast Furnace
38:53 Onager
41:28 Siege Engineers
41:38 Siege Ram
45:20 Caravan
45:46 Siege Onager
54:10 Conscription
54:29 Coinage
60:56 Spies/Treason
62:38 Masonry
63:06 Hoardings
62:31 Nomads
很蓝的啦
10:50 Feudal Age
11:38 Loom
14:32 Castle Age
12:42 Horse Collar
13:02 Double-Bit Axe
15:58 Bow Saw
15:49 Heavy Plow
19:44 Fervor
22:53 Wheelbarrow
24:28 Ballistics
24:59 Hand Cart
24:29 Town Watch
25:20 Town Watch
26:40 Chemistry
30:09 Imperial Age
28:00 Masonry
28:16 Scale Mail Armor
28:26 Forging
28:32 Caravan
29:02 Coinage
29:42 Chain Mail Armor
28:49 Pikeman
29:29 Squires
29:15 Arson
29:56 Wagenburg Tactics
30:26 Halberdier
31:55 Plate Mail Armor
32:00 Iron Casting
31:26 Padded Archer Armor
38:40 Siege Engineers
38:58 Bombard Tower
39:08 Architecture
38:11 Sappers
39:03 Conscription
38:28 Elite Hussite Wagon
40:23 Banking
40:03 Guilds
43:57 Leather Archer Armor
50:34 Husbandry
52:06 Light Cavalry
54:42 Crossbowman
59:36 Elite Skirmisher
61:35 Houfnice
63:26 Siege Engineers
PocaChota
7:04 Loom
9:40 Feudal Age
9:44 Man-at-Arms
10:43 Double-Bit Axe
16:35 Fletching
18:34 Wheelbarrow
19:14 Padded Archer Armor
25:05 Castle Age
24:06 Horse Collar
25:26 Gold Mining
25:55 Bodkin Arrow
26:03 Crossbowman
28:00 Ballistics
28:16 Leather Archer Armor
29:10 Bow Saw
29:46 Fortified Wall
45:52 Imperial Age
46:01 Imperial Age
43:47 Hand Cart
44:25 Hand Cart
43:55 Town Watch
44:24 Elite Skirmisher
45:03 Stone Mining
45:49 Gold Shaft Mining
48:50 Chemistry
47:51 Bracer
48:22 Ring Archer Armor
47:21 Capped Ram
48:42 Caravan
49:12 Coinage
52:02 Two-Man Saw
51:03 Scale Mail Armor
51:15 Forging
51:43 Banking
51:24 Guilds
55:17 Sappers
61:13 Pikeman
62:12 Squires
62:46 Capped Ram
63:13 Halberdier
63:39 Arson
63:41 Gambesons
23
1:15 Loom
10:22 Feudal Age
13:15 Double-Bit Axe
16:19 Fletching
20:38 Castle Age
18:46 Horse Collar
19:21 Stone Mining
20:42 Padded Archer Armor
33:37 Imperial Age
31:57 Bodkin Arrow
32:37 Elite Skirmisher
33:14 Gold Mining
34:38 Wheelbarrow
34:29 Bracer
35:58 Ballistics
38:03 Chemistry
38:14 Leather Archer Armor
39:42 Ring Archer Armor
41:14 Yasama
41:37 Conscription
41:19 Scale Mail Armor
41:30 Forging
41:16 Guard Tower
41:12 Arrowslits
43:47 Keep
43:31 Hand Cart
43:02 Town Watch
46:01 Bow Saw
45:51 Heavy Plow
45:19 Crossbowman
46:05 Thumb Ring
46:58 Scale Mail Armor
47:09 Forging
47:00 Squires
46:20 Pikeman
47:07 Arbalester
49:41 Kataparuto
49:45 Chain Mail Armor
50:06 Iron Casting
48:52 Halberdier
50:13 Siege Engineers
51:16 Treadmill Crane
52:42 Plate Mail Armor
53:12 Blast Furnace
52:57 Caravan
53:28 Coinage
54:59 Fortified Wall
EMPEROR98265292
10:40 Feudal Age
14:41 Castle Age
13:00 Double-Bit Axe
13:41 Domestication
23:29 Loom
25:00 Bow Saw
24:55 Gold Mining
29:47 Imperial Age
27:56 Wheelbarrow
29:40 Scale Barding Armor
29:45 Forging
30:24 Husbandry
29:51 Heavy Camel Rider
30:52 Chain Barding Armor
32:01 Iron Casting
31:50 Stone Mining
33:42 Plate Barding Armor
33:47 Hand Cart
33:13 Light Cavalry
35:26 Stone Shaft Mining
35:17 Hussar
38:29 Caravan
40:03 Ordo Cavalry
40:18 Conscription
40:27 Pastoralism
41:35 Two-Man Saw
49:03 Chemistry
51:18 Fortified Wall
crux_dy164
10:21 Feudal Age
11:15 Double-Bit Axe
14:07 Castle Age
13:58 Horse Collar
17:25 Wheelbarrow
18:04 Heavy Plow
21:07 Loom
21:51 Bow Saw
22:08 Hand Cart
28:05 Imperial Age
25:51 Masonry
26:46 Man-at-Arms
27:26 Squires
27:12 Arson
27:28 Scale Mail Armor
27:39 Forging
27:31 Long Swordsman
27:56 Gambesons
28:30 Chain Mail Armor
28:31 Gold Mining
28:32 Stone Mining
28:12 Capped Ram
28:30 Two-Handed Swordsman
29:28 Siege Ram
30:35 Champion
37:58 Iron Casting
38:28 Light Cavalry
39:18 Bloodlines
39:09 Husbandry
40:47 Pikeman
42:29 Chemistry
41:49 Ballistics
42:16 Fletching
42:27 Padded Archer Armor
42:32 Scale Barding Armor
43:28 Blast Furnace
42:39 Bloodlines
43:17 Conscription
43:35 Parthian Tactics
45:43 Siege Engineers
45:35 Bodkin Arrow
45:55 Leather Archer Armor
46:06 Hussar
47:25 Chain Barding Armor
46:39 Elite Mameluke
47:51 Ballistics
50:26 Plate Barding Armor
50:22 Ring Archer Armor
49:52 Bracer
ntn88
2:02 Loom
11:21 Feudal Age
11:34 Feudal Age
16:03 Castle Age
13:59 Double-Bit Axe
13:54 Horse Collar
14:05 Horse Collar
16:41 Town Watch
22:43 Imperial Age
21:16 Bow Saw
23:10 Onager
24:39 Gold Mining
25:23 Capped Ram
26:56 Wheelbarrow
26:44 Scale Mail Armor
26:54 Forging
28:37 Chain Mail Armor
30:47 Iron Casting
36:20 Chemistry
40:05 Fletching
41:57 Siege Onager
Connection lost

Rejoining the realm…

Still unreachable

The connection could not be restored.

Session expired

The server has moved on; the page needs a fresh start.